 Dungeon Crawl Stone Soup version 0.29.0-15-g675c0067aa (webtiles) character file.

Game seed: 10324032713395197555

116 Bartlander the Firebug (level 4, -2/33 HPs)
             Began as a Draconian Fire Elementalist on Sept 11, 2022.
             Slain by a gnoll bouda
             ... wielding a +0 whip
              (12 damage)
             ... on level 3 of the Dungeon.
             The game lasted 00:07:39 (3292 turns).

Bartlander the Firebug (DrFE)                       Turns: 3292, Time: 00:07:39

Health: -2/33      AC:  5    Str: 10    XL:     4   Next: 69%
Magic:  0/7        EV: 12    Int: 18    God:
Gold:   162        SH:  0    Dex: 11    Spells: 4/7 levels left

rFire   . . .      SeeInvis .   b - +1 short sword
rCold   . . .      Faith    .   (no shield)
rNeg    . . .      Spirit   .   (body armour unavailable)
rPois   .          Reflect  .   (helmet restricted)
rElec   .          Harm     .   (no cloak)
rCorr   .          Rampage  .   (no gloves)
Will    .....                   (no boots)
Stlth   ++........              (no amulet)
HPRegen 0.11/turn               (no ring)
MPRegen 0.10/turn               (no ring)

@: weakened
A: AC +5, unfitting armour, cold-blooded
a: no special abilities


You were on level 3 of the Dungeon.
You visited 1 branch of the dungeon, and saw 4 of its levels.

You collected 162 gold pieces.

Inventory:

Hand Weapons
 b - a +1 short sword (weapon)
Jewellery
 d - a ring of ice
Potions
 c - 2 potions of curing
 f - 2 potions of lignification
 g - a potion of brilliance


   Skills:
 - Level 1.7 Dodging
 - Level 1.7 Stealth
 - Level 2.0 Spellcasting
 - Level 1.0 Conjurations
 + Level 5.5 Fire Magic


You had 4 spell levels left.
You knew the following spells:

 Your Spells              Type           Power      Damage    Failure   Level
a - Foxfire               Conj/Fire      52%        2x1d6     4%          1
b - Scorch                Fire           42%        2d7       2%          2

Your spell library contained the following spells:

 Spells                   Type           Power      Damage    Failure   Level
 Conjure Flame            Conj/Fire      13%        6-21      14%         3
 Inner Flame              Hex/Fire       11%        N/A       17%         3
 Flame Wave               Conj/Fire      13%        2d6       43%         4
 Summon Ice Beast         Ice/Summ       1%         N/A       87%         4
 Summon Mana Viper        Hex/Summ       1%         N/A       99%         5
 Monstrous Menagerie      Summ           0%         N/A       100%        7


Dungeon Overview and Level Annotations

Branches:
Dungeon (4/15)
 Temple: D:4-7

Altars:
Cheibriados

Shops:
D:2 !


Innate Abilities, Weirdness & Mutations

Your plain brown scales are hard. (AC +5)
You cannot fit into any form of body armour.
You are cold-blooded and may be slowed by cold attacks.


Message History

You hit the gnoll bouda but do no damage.
The gnoll bouda is heavily wounded.
The gnoll bouda barely misses you.
You hit the gnoll bouda.
The gnoll bouda is heavily wounded.
The gnoll bouda closely misses you.
You closely miss the gnoll bouda.
The gnoll bouda is heavily wounded.
The gnoll bouda gazes fiercely through you!
You feel as though you will be weak longer.
The gnoll bouda misses you.
You hit the gnoll bouda but do no damage.
The gnoll bouda is heavily wounded.
The gnoll bouda hits you with a +0 whip!
You hit the gnoll bouda but do no damage.
The gnoll bouda is heavily wounded.
The gnoll bouda hits you with a +0 whip.
You hit the gnoll bouda but do no damage.
You tail-slap the gnoll bouda, but do no damage.
The gnoll bouda is heavily wounded.
The gnoll bouda closely misses you.
You hit the gnoll bouda but do no damage.
The gnoll bouda is heavily wounded.
The gnoll bouda gazes fiercely through you!
You feel as though you will be weak longer.
The gnoll bouda hits you but does no damage.
You hit the gnoll bouda but do no damage.
The gnoll bouda is heavily wounded.
The gnoll bouda gazes fiercely through you!
You feel as though you will be weak longer.
The gnoll bouda closely misses you.
Casting: Foxfire (safe; 4% risk of failure)
Confirm with . or Enter, or press ? or * to list all spells.
Flames lash the gnoll bouda.
The gnoll bouda is severely wounded.
The gnoll bouda's fire resistance burns away.
The gnoll bouda gazes fiercely through you!
You feel as though you will be weak longer.
The gnoll bouda hits you with a +0 whip!
You die...

..#..##..######.#.###.#..#.#..#.#
..#..#..........#.#=#.#..#.#..#.#
##'..'..........#.###.#..#.#..#.#
'.#..##########.........##.#..#.#
#.#..#..........#.###.#....#..#..
#.+##+.########.........####..###
#.#..#..................)........
+.#..#..........g.............###
##'..'..........@.............##.
..#..###.##.##########.###.#####.
..#..#...##........# #.# #.# #.
##'###############.# #.###.# #.
...# #.# #...#.# #. #### #.#
###.#.# #. #.# #.#.# #. #.# #.#.#
#. ###.#####.#.# #.


You could see a gnoll bouda (combustible).

Vanquished Creatures
  2 adders (D:3)
  2 gnolls (D:4)
  5 dart slugs
  5 orcs (D:3)
  9 ball pythons
  2 endoplasms
  5 giant cockroaches
  4 goblins
  5 hobgoblins
  4 jackals
  4 quokkas
  2 bats
  4 frilled lizards
  4 kobolds
  3 rats
60 creatures vanquished.

Vanquished Creatures (others)
  77 foxfires
77 creatures vanquished.

Grand Total: 137 creatures vanquished

Notes
Turn   | Place    | Note
-------+----------+-------------------------------------------
     0 | D:1      | Bartlander the Draconian Fire Elementalist began the quest
                  | for the Orb.
     0 | D:1      | Reached XP level 1. HP: 14/14 MP: 3/3
   144 | D:1      | Reached XP level 2. HP: 20/20 MP: 1/5
   373 | D:1      | Learned a level 2 spell: Scorch
   603 | D:1      | Reached skill level 4 in Fire Magic
   709 | D:1      | Found a faded altar of an unknown god.
   783 | D:1      | Reached XP level 3. HP: 26/26 MP: 4/6
  1132 | D:2      | Found Uskoo's Distillery.
  2123 | D:3      | Reached XP level 4. HP: 33/33 MP: 4/7
  2221 | D:3      | Reached skill level 5 in Fire Magic
  2428 | D:3      | Found a snail-covered altar of Cheibriados.
  3292 | D:3      | Slain by a gnoll bouda

Illustrated notes

Levels and vault maps discovered:
D:1:      scummos_arrival_forest, layout_basic,
          hellmonk_ecumenical_altar_defaced_shrine
D:2:      layout_loops_ring, serial_shops, nicolae_shop_stone
D:3:      layout_basic, mainiacjoe_overflow_24_doors, minmay_surrounded
D:4:      layout_basic, fedhas_altar_3, bloody_makhleb, vehumet_altar_wand_db

Skill      XL: |  1  2  3  4 |
---------------+-------------+-----
Fire Magic     | 4 5 |  5.5
Dodging        | |  1.7
Stealth        | |  1.7
Spellcasting   | |  2.0
Conjurations   | |  1.0

Action                   |  1- 3 |  4- 6 || total
-------------------------+-------+-------++-------
Melee: Short sword       |    16 |    23 ||    39
       Tailslap          |     2 |     2 ||     4
 Cast: Foxfire           |    40 |     5 ||    45
       Scorch            |    18 |    20 ||    38
  Use: Scroll            |     3 |     6 ||     9
       Potion            |     1 |     1 ||     2
Armor: Skin              |     7 |    11 ||    18
Dodge: Dodged            |    19 |    10 ||    29
